 Dungeon Crawl Stone Soup version 0.30.1-11-g7821555f0a (webtiles) character file.

Game seed: 10094948366739241731

35 SniperLyfe the Ruffian (level 3, 23/23 HPs)
             Began as a Gargoyle Monk on Dec 3, 2023.
             Quit the game on level 2 of the Dungeon.
             The game lasted 00:22:24 (1082 turns).

SniperLyfe the Ruffian (Gargoyle Monk)              Turns: 1082, Time: 00:22:24

Health: 23/23      AC:  6    Str: 16    XL:     3   Next: 35%
Magic:  3/3        EV: 12    Int: 10    God:
Gold:   43         SH:  0    Dex: 12    Spells: 2/2 levels left

rFire   . .          .
                       - Unarmed
rCold   . . .        c - orb {light}
rNeg    + . .        f - +0 leather armour
rPois   ∞            (no helmet)
rElec   +            (no cloak)
rCorr   .            (no gloves)
SInv    .            (no boots)
Will    .....        (no amulet)
Stlth   +            (no ring)
HPRegen 0.23/turn    (no ring)
MPRegen 0.08/turn

%: no passive effects
@: glowing
A: sickness immunity, AC +3, negative energy resistance 1, electricity
resistance, torment resistance 1, petrification resistance
a: no special abilities


You were on level 2 of the Dungeon.
You visited 1 branch of the dungeon, and saw 2 of its levels.

You collected 43 gold pieces.

Inventory:

Missiles
 e - 2 poisoned darts (quivered)
Armour
 a - a +0 robe
 c - an orb of light (worn)
 d - a +1 buckler of reflection
 f - a +0 leather armour (worn)
Scrolls
 k - a scroll of identify
Potions
 b - a potion of ambrosia
 g - a potion of magic {unknown}
 h - 2 potions of brilliance
 i - 2 potions of curing {unknown}
 j - a potion of might {unknown}
 l - a potion of cancellation {unknown}


   Skills:
 - Level 3.5 Fighting
 - Level 0.2 Maces & Flails
 - Level 2.7 Dodging
 + Level 3.9 Unarmed Combat


You had 2 spell levels left.
You didn't know any spells.
Your spell library was empty.

Dungeon Overview and Level Annotations

Branches:
Dungeon (2/15)

Altars:


Innate Abilities, Weirdness & Mutations

You are immune to sickness and miasma.
Your stone body is resilient. (AC +3)
You are immune to poison.
You resist negative energy. (rN+)
You are resistant to electric shocks. (rElec)
You are resistant to unholy torment.
You are immune to petrification.


Message History

The ball python constricts you.
You hit the ball python.
You kill the ball python!
You now have 43 gold pieces (gained 15).
Done exploring.
Done exploring.
Done exploring.
You open the door.
There is an open door here.
Done exploring.
Done exploring.
Done exploring.
There is an open door here.
There is an open door here.
You open the door.
There is an open door here.
You see here a +0 club.
You see here a +2 short sword of draining.
You see here a +0 hand axe.
There is a stone staircase leading down here.
You climb downwards.
The frilled lizard hisses angrily.
Found 6 stones.
There is a stone staircase leading up here.
The frilled lizard closely misses you.
You barely miss the frilled lizard. You hit the frilled lizard.
You kill the frilled lizard!
No target in view!
Unknown command.
Unknown command.
Unknown command.
Unknown command.
Unknown command.
Welcome back, SniperLyfe the Gargoyle Monk.
Press ? for a list of commands and other information.
Saving game... please wait.
Welcome back, SniperLyfe the Gargoyle Monk.
Press ? for a list of commands and other information.
Are you sure you want to abandon this character and quit the game? (Confirm with "yes".)

#.# # #.#
#.#####.####
..........### #
#.......... ..
#........###.#
#............#
#....@.......#
#........<.....#
#.#####..........
#..........
#..........
#........#.
#..........
#......#...
#.....(....


There were no monsters in sight!

Vanquished Creatures
  3 dart slugs (D:1)
  2 ball pythons (D:1)
  An endoplasm (D:1)
  A giant cockroach (D:1)
  5 goblins (D:1)
  2 quokkas (D:1)
  3 bats (D:1)
  A frilled lizard (D:2)
  4 kobolds (D:1)
  7 rats (D:1)
29 creatures vanquished.

Notes
Turn   | Place    | Note
-------+----------+-------------------------------------------
     0 | D:1      | SniperLyfe the Gargoyle Monk began the quest for the Orb.
     0 | D:1      | Reached XP level 1. HP: 14/14 MP: 1/1
   243 | D:1      | Reached XP level 2. HP: 19/19 MP: 2/2
   431 | D:1      | Reached XP level 3. HP: 22/23 MP: 3/3
  1082 | D:2      | Quit the game

Illustrated notes

Levels and vault maps discovered:
D:1:      elethiomel_arrival_diamonds, layout_loops_ring
D:2:      layout_basic

Action                     || total
---------------------------++-------
  Melee: Unarmed           ||    63
         Club              ||    19
    Use: Scroll            ||     1
 Armour: Robe              ||     4
         Leather armour    ||    16
  Dodge: Dodged            ||    47
